 Dungeon Crawl Stone Soup version 0.31-a0-354-g827e0957a7 (webtiles) character file.

Game seed: 17713238437753109928

1 GordonOverkill the Sneak (level 1, -6/17 HPs)
             Began as a Vampire Delver on July 24, 2023.
             Mangled by a mummy (15 damage)
             ... in an ossuary.
             The game lasted 00:01:16 (115 turns).

GordonOverkill the Sneak (Vampire Delver)            Turns: 115, Time: 00:01:17

Health: -6/17      AC:  4    Str: 11    XL:     1   Next: 16%
Magic:  1/1        EV: 12    Int: 12    God:
Gold:   11         SH:  0    Dex: 15    Spells: 0/0 levels left

rFire   . .          .
                       - Unarmed
rCold   . . .        (no shield)
rNeg    . . .        a - +0 leather armour
rPois   .            (no helmet)
rElec   .            g - +0 cloak
rCorr   .            (no gloves)
SInv    +            (no boots)
Will    .....        (no amulet)
Stlth   +++          (no ring)
HPRegen 0.42/turn    (no ring)
MPRegen 0.07/turn

%: no passive effects
@: healing quickly
A: alive, fangs 3, see invisible, vampiric 1
a: Exsanguinate


You were in an ossuary.
You visited 1 branch of the dungeon, and saw 2 of its levels.
You also visited: Ossuary.

You collected 11 gold pieces.

Inventory:

Missiles
 c - 6 boomerangs (quivered)
Armour
 a - a +0 leather armour (worn)
 g - a +0 cloak (worn)
Wands
 f - a wand of digging (3)
Scrolls
 b - a scroll of fog
 d - a scroll of fear
Potions
 e - a potion of haste


   Skills:
 + Level 2.7 Fighting
 + Level 0.1 Throwing
 - Level 2.1 Dodging
 - Level 7.2 Stealth
 + Level 2.2 Unarmed Combat


You couldn't memorise any spells.
You didn't know any spells.
Your spell library was empty.

Dungeon Overview and Level Annotations

Branches:
Dungeon (6/15)            Ossuary (1/1)
 Temple: D:4-7

Altars:

Annotations:
D:6 exclusion: orc priest


Innate Abilities, Weirdness & Mutations

Your natural rate of healing is accelerated.
You have razor-sharp teeth.
You have supernaturally acute eyesight. (SInv)
You are afflicted with vampirism.


Message History

You throw a javelin. The javelin pierces through the mummy.
The mummy is lightly damaged.
Throw: javelin
Press: ? - help, Q - select action, (/) - cycle Shift-Dir - straight line, p - mummy You throw a javelin.
The javelin pierces through the orc zombie.
The orc zombie is lightly damaged.
The javelin pierces through the mummy.
The mummy is moderately damaged.
Throw: 6 boomerangs
Press: ? - help, Q - select action Shift-Dir - straight line, f - mummy
Aim: a mummy (moderately damaged, 72% to hit)
You throw a boomerang. The boomerang barely misses the mummy.
You hit the orc zombie.
The orc zombie is heavily damaged.
The orc zombie closely misses you.
You hit the mummy.
The mummy is heavily damaged.
The orc zombie barely misses you.
You barely miss the mummy.
The mummy is heavily damaged.
The mummy hits you. The orc zombie barely misses you.
You hit the mummy but do no damage.
The mummy is heavily damaged.
The orc zombie barely misses you.
You hit the mummy. You bite the mummy.
The mummy is severely damaged.
The mummy hits you!
* * * LOW HITPOINT WARNING * * *
You hit the mummy but do no damage.
The mummy is severely damaged.
The orc zombie barely misses you. The mummy misses you.
You hit the mummy but do no damage.
The mummy is severely damaged.
The orc zombie closely misses you.
You hit the mummy but do no damage.
The mummy is severely damaged.
The mummy hits you!
Ouch! That really hurt!
You die...

#....#
#.((.#
#....#
#....#
#....#
#....#
#....#
#ZM..#
#@∩∩.#
######


You could see a mummy and an orc zombie.

Vanquished Creatures
  A kobold zombie (Ossuary)
  An orc zombie (Ossuary)
2 creatures vanquished.

Notes
Turn   | Place    | Note
-------+----------+-------------------------------------------
     0 | D:5      | GordonOverkill the Vampire Delver began the quest for the
                  | Orb.
     0 | D:5      | Reached XP level 1. HP: 17/17 MP: 1/1
    37 | D:6      | Found a sand-covered staircase.
    57 | D:6      | Noticed an orc priest
    57 | D:6      | Noticed an orc priest
    66 | Ossuary  | Entered an ossuary
   115 | Ossuary  | Mangled by a mummy

Illustrated notes

Levels and vault maps discovered:
D:5:      layout_basic, serial_shops, nicolae_shop_gibbet_a_chance
D:6:      layout_loops_ring, nicolae_ossuary_entry_monument,
          nicolae_elemental_shop
Ossuary:  ossuary_tomb_3

Action                     || total
---------------------------++-------
  Melee: Unarmed           ||    20
         Bite              ||     2
  Throw: Javelin           ||     3
         Boomerang         ||     1
    Use: Scroll            ||     1
 Armour: Leather armour    ||     1
  Dodge: Dodged            ||    14

Table legend: (Time is in decaauts)
 A = Elapsed time spent in this place.
 B = Non-inter-level travel time spent in this place.
 C = Inter-level travel time spent in this place.
 D = Time resting spent in this place.
 E = Time spent auto-exploring this place.
 F = Levels seen in this place.
 G = Mean time per level.
                   A        B        C        D        E       F      G
               +--------+--------+--------+--------+--------+-----+--------+
         Total |    115 |    115 |      0 |      0 |      0 |   3 |   38.3 |
       Dungeon |     65 |     65 |      0 |      0 |      0 |   2 |   32.5 |
       Ossuary |     50 |     50 |      0 |      0 |      0 |   1 |   50.0 |
               +--------+--------+--------+--------+--------+-----+--------+

Top non-repeatable levels by time:
     D:6: 60 daAuts
 Ossuary: 50 daAuts
     D:5: 5 daAuts
